AoeStats
← Waldmann

Nomad

510287431Analyzed
3v3 RM · 2d ago on Sep 30, 2026· 51m 3s· 6 players
Game mode
Random Map
Map size
210×210
Population
200
Speed
Normal
Resources
Standard
Victory
Conquest
Starting age
Dark Age
Ending age
Imperial Age
RankedLock teamsTeams togetherTeam positionsShared explorationLock speedFull tech treeHidden civsTurbo modeCheats
Victory
Defeat
🇦🇺 Vietnamese · Australia
1165
+14
🇦🇺 Franks · Australia
1141
+15
🇦🇺 Magyars · Australia
1080
+18
🇩🇪 Tatars · Germany
1194
-18
🇦🇺 Teutons · Australia
1105
-15
🇨🇳 Celts · China
1083
-14
78322485
12:55 Loom
15:49 Feudal Age
20:52 Castle Age
19:04 Arson
18:39 Man-at-Arms
20:42 Wheelbarrow
21:20 Gambesons
21:35 Long Swordsman
23:09 Scale Mail Armor
23:19 Forging
34:52 Pikeman
Seen Bean
7:16 Loom
13:22 Loom
15:34 Feudal Age
16:06 Double-Bit Axe
17:48 Horse Collar
18:03 Gold Mining
20:45 Bloodlines
21:31 Scale Barding Armor
21:51 Fletching
27:46 Castle Age
30:12 Gambesons
31:46 Man-at-Arms
33:41 Long Swordsman
34:23 Squires
34:29 Scale Mail Armor
35:43 Pikeman
37:07 Chain Mail Armor
Waldmann
3:28 Loom
13:27 Feudal Age
19:07 Castle Age
17:05 Horse Collar
18:02 Padded Archer Armor
18:11 Scale Barding Armor
18:04 Stone Mining
20:00 Gold Mining
20:47 Medium Warships
26:26 Wheelbarrow
25:40 Double-Bit Axe
32:08 Fishing Lines
34:28 Chain Barding Armor
34:19 Forging
35:04 Heavy Plow
35:29 Hand Cart
37:49 Bow Saw
40:26 Imperial Age
37:43 Town Watch
40:48 Iron Casting
42:08 Heavy Warships
41:04 Demolition Ship
43:07 Fletching
43:18 Padded Archer Armor
43:47 Bodkin Arrow
44:54 Bracer
48:14 Heavy Warships
FrazeDawg
14:40 Loom
17:54 Feudal Age
20:12 Bloodlines
22:25 Castle Age
20:58 Stone Mining
20:53 Horse Collar
22:40 Wheelbarrow
23:43 Scale Barding Armor
26:16 Double-Bit Axe
27:48 Chain Barding Armor
26:51 Light Cavalry
27:56 Bloodlines
29:41 Heavy Plow
29:56 Bow Saw
31:04 Hand Cart
37:06 Imperial Age
38:00 Husbandry
38:39 Plate Barding Armor
38:16 Elite Magyar Huszar
39:56 Crop Rotation
44:16 Corvinian Army
45:08 Gold Mining
45:56 Ballistics
46:36 Chemistry
46:38 Shipwright
46:31 Clinker Construction
46:38 Medium Warships
47:58 Careening
47:26 Demolition Ship
48:43 Heavy Warships
Edhebi
9:08 Loom
13:30 Feudal Age
14:40 Double-Bit Axe
14:37 Horse Collar
15:54 Fishing Lines
16:26 Gold Mining
16:50 Fletching
17:10 Padded Archer Armor
18:00 Town Watch
18:50 Wheelbarrow
22:46 Castle Age
23:58 Crossbowman
24:44 Thumb Ring
24:42 Bodkin Arrow
25:48 Heavy Plow
26:00 Bow Saw
26:11 Stone Mining
27:43 Ballistics
28:28 Gillnets
33:02 Imperial Age
33:13 Stone Shaft Mining
33:10 Leather Archer Armor
34:00 Bracer
35:05 Arbalester
37:56 Chemistry
36:37 Treadmill Crane
39:25 Paper Money
41:10 Medium Warships
45:41 Heavy Warships
47:14 Ring Archer Armor
48:30 Spies/Treason
shoopdewhoop
14:27 Feudal Age
17:07 Double-Bit Axe
17:39 Loom
20:08 Castle Age
20:09 Forging
21:28 Husbandry
32:37 Iron Casting
32:08 Scale Barding Armor
35:53 Gold Mining
35:54 Stone Mining
37:48 Gold Shaft Mining
37:57 Wheelbarrow
37:08 Town Watch
41:13 Imperial Age
42:06 Hand Cart
41:51 Town Patrol
41:22 Cavalier
43:08 Blast Furnace
42:29 Chain Barding Armor
43:15 Paladin
45:46 Medium Warships
47:01 Heavy Warships
46:44 Spies/Treason
Connection lost

Rejoining the realm…

Still unreachable

The connection could not be restored.

Session expired

The server has moved on; the page needs a fresh start.